 Dungeon Crawl Stone Soup version 0.27.1 (webtiles) character file.

Game seed: 925453376659267996

60 ZARRMARR the Chiller (level 3, 0/19 HPs)
             Began as a Deep Elf Ice Elementalist on Aug 29, 2021.
             Slain by Grinder (3 damage)
             ... on level 3 of the Dungeon.
             The game lasted 00:06:14 (2275 turns).

ZARRMARR the Chiller (Deep Elf Ice Elementalist)    Turns: 2275, Time: 00:06:15

Health: 0/19       AC:  2    Str:  5    XL:     3   Next: 82%
Magic:  3/10       EV: 13    Int: 20    God:
Gold:   57         SH:  0    Dex: 15    Spells: 5/9 levels left

rFire    . . .     SeeInvis .   (no weapon)
rCold    . . .     Faith    .   (no shield)
rNeg     . . .     Spirit   .   a - +0 robe
rPois    .         Reflect  .   (no helmet)
rElec    .         Harm     .   (no cloak)
rCorr    .         Rampage  .   (no gloves)
Will     .....                  (no boots)
Stlth    ++........             (no amulet)
HPRegen  0.06/turn              (no ring)
MPRegen  0.12/turn              (no ring)

@: freezing walls
A: no striking features
a: no special abilities


You were on level 3 of the Dungeon.
You visited 1 branch of the dungeon, and saw 3 of its levels.

You collected 57 gold pieces.

Inventory:

Missiles
 i - 5 silver boomerangs
Armour
 a - a +0 robe (worn)
Scrolls
 c - 2 scrolls of teleportation
 e - a scroll of vulnerability {unknown}
 h - a scroll of silence {unknown}
Potions
 b - a potion of magic
 d - a potion of curing {unknown}
 f - a potion of lignification {unknown}
 g - a potion of brilliance {unknown}


   Skills:
 + Level 2.8 Dodging
 - Level 2.4 Stealth
 + Level 3.8 Spellcasting
 + Level 5.5 Ice Magic


You had 5 spell levels left.
You knew the following spells:

 Your Spells              Type           Power      Damage    Failure   Level
a - Freeze                Ice            100%       1d11      1%          1
b - Frozen Ramparts       Ice            50%        1d7       4%          3

Your spell library contained the following spells:

 Spells                   Type           Power      Damage    Failure   Level
 Ozocubu's Armour         Ice            25%        N/A       4%          3
 Hailstorm                Conj/Ice       14%        3d5       38%         4


Dungeon Overview and Level Annotations

Branches:
Dungeon (3/15)

Altars:

Shops:
D:1 !

Annotations:
D:3 Grinder


Message History

Confirm with . or Enter, or press ? or * to list all spells.
Aiming: Freeze (safe; 1% risk of failure)
Press: ? - help, Shift-Dir - straight line, f - adder
Aim: an adder (moderately wounded, slow)
You freeze the adder.
The adder is moderately wounded.
The adder is no longer moving slowly.
The wall freezes the adder.
The adder barely misses you.
Casting: Freeze (safe; 1% risk of failure)
Confirm with . or Enter, or press ? or * to list all spells.
Aiming: Freeze (safe; 1% risk of failure)
Press: ? - help, Shift-Dir - straight line, f/p - adder
Aim: an adder (severely wounded)
You freeze the adder.
The adder is almost dead.
Grinder completely resists.
The wall freezes Grinder but does no damage.
Grinder says, "Wait up."
The wall freezes the adder.
You kill the adder!
Casting: Freeze (safe; 1% risk of failure)
Confirm with . or Enter, or press ? or * to list all spells.
Aiming: Freeze (safe; 1% risk of failure)
Press: ? - help, Shift-Dir - straight line, f - Grinder
Aim: Grinder You freeze Grinder but do no damage.
Grinder completely resists.
An adder comes into view.
Grinder completely resists.
The wall freezes Grinder but does no damage.
Grinder hits you!
You writhe in agony.
* * * LOW HITPOINT WARNING * * *
Casting: Freeze (safe; 1% risk of failure)
Confirm with . or Enter, or press ? or * to list all spells.
Aiming: Freeze (safe; 1% risk of failure)
Press: ? - help, Shift-Dir - straight line, f/p - Grinder
Aim: Grinder You freeze Grinder but do no damage.
Grinder completely resists. x2
The wall freezes Grinder but does no damage.
Grinder hits you.
You die...

.# ##
.# . .
.#.# .#
.#.#..#
...S.
...#
###†..#
#<@5..#
####..#
.# ..
##


You could see Grinder and an adder.

Vanquished Creatures
  3 adders
  2 ball pythons
  4 endoplasms (D:1)
  3 giant cockroaches (D:1)
  3 goblins
  2 jackals (D:1)
  3 kobolds
  3 quokkas (D:1)
  4 bats
  2 frilled lizards (D:1)
  4 rats
33 creatures vanquished.

Notes
Turn   | Place    | Note
-------+----------+-------------------------------------------
     0 | D:1      | ZARRMARR the Deep Elf Ice Elementalist began the quest for
                  | the Orb.
     0 | D:1      | Reached XP level 1. HP: 10/10 MP: 6/6
   105 | D:1      | Reached XP level 2. HP: 13/15 MP: 4/8
   222 | D:1      | Reached skill level 5 in Ice Magic
   640 | D:1      | Found Plog's Distillery.
  1271 | D:2      | Reached XP level 3. HP: 19/19 MP: 6/9
  1319 | D:2      | Learned a level 3 spell: Frozen Ramparts
  2270 | D:3      | Noticed Grinder
  2275 | D:3      | Slain by Grinder

Illustrated notes

Levels and vault maps discovered:
D:1:      psy_arrival_basics, layout_basic, serial_shops, shop
D:2:      layout_basic
D:3:      layout_basic, serial_shops, shop_fountains, nicolae_diamond_shop,
          grunt_ministairs_8, uniq_jessica, uniq_grinder

Skill      XL: |  1  2 |
---------------+-------+-----
Ice Magic      | 5 |  5.5
Dodging        | |  2.8
Stealth        | |  2.4
Spellcasting   | |  3.8

Action                   || total
-------------------------++-------
 Cast: Freeze            ||    48
       Frozen Ramparts   ||     2
  Use: Scroll            ||     2
Armor: Robe              ||     5
Dodge: Dodged            ||    11
